 Dungeon Crawl Stone Soup version 0.30-a0-916-g98134172ad (webtiles) character file.

Game seed: 16635465672811163050

6754 112233 the Fighter (level 10, -3/85 HPs)
             Began as a Demonspawn Fighter on Mar 20, 2023.
             Was a Priest of Sif Muna.
             Slain by Erica
             ... wielding a +1 scimitar of flaming
              (10 damage)
             ... on level 9 of the Dungeon.
             The game lasted 00:12:48 (8389 turns).

112233 the Fighter (Demonspawn Fighter)             Turns: 8389, Time: 00:12:49

Health: -3/85      AC:  5    Str: 17    XL:     10   Next: 75%
Magic:  20/20      EV: 12    Int: 13    God:    Sif Muna [***...]
Gold:   115        SH: 10    Dex: 13    Spells: 23/23 levels left

rFire   + . .      SeeInvis .    C - +8 trident of the Octopus King {venom, rElec rPois}
rCold   + . .      Faith    .    b - +0 buckler
rNeg    . . .      Spirit   .    w - +0 troll leather armour
rPois   +          Reflect  .    n - +0 helmet
rElec   +          Rampage  .    G - scarf {rC+ rF+}
rCorr   .                        (gloves unavailable)
Will    +....                    (no boots)
Stlth   +                        (no amulet)
HPRegen 1.14/turn                (no ring)
MPRegen 0.17/turn                (no ring)

@: attractive, flying, slowed, very slow
A: large bone plates 1, demonic guardian 1, powered by death 2, demonic
willpower, demonic touch 3, no potion heal 1
a: Renounce Religion, Channel Magic, Forget Spell


You were on level 9 of the Dungeon.
You worshipped Sif Muna.
Sif Muna was most pleased with you.
You visited 2 branches of the dungeon, and saw 10 of its levels.
You also visited: Sewer.

You collected 385 gold pieces.
You spent 270 gold pieces at shops.

Inventory:

Hand Weapons
 j - a +2 dagger of venom
 m - a +3 dagger of protection
 C - the +8 trident of the Octopus King (weapon) {venom, rElec rPois}
   (You found it on level 6 of the Dungeon)

   rElec:     It insulates you from electricity.
   rPois:     It protects you from poison.
Missiles
 p - a throwing net
Armour
 b - a +0 buckler (worn)
 n - a +0 helmet (worn)
 w - a +0 troll leather armour (worn)
 G - a scarf of resistance (worn)
Magical Staves
 H - a staff of poison
Wands
 a - a wand of iceblast (15)
 E - a wand of polymorph (2)
 F - a wand of paralysis (12) (quivered)
 J - a wand of flame (7)
Scrolls
 e - 3 scrolls of immolation
 f - a scroll of silence
 i - a scroll of noise {unknown}
 k - a scroll of brand weapon
 l - 3 scrolls of poison
 o - 2 scrolls of magic mapping {unknown}
 q - 3 scrolls of teleportation
 s - 2 scrolls of vulnerability
 u - 2 scrolls of identify
 v - 2 scrolls of enchant weapon {unknown}
 y - 3 scrolls of fear
 D - 3 scrolls of enchant armour {unknown}
 I - a scroll of amnesia {unknown}
Potions
 c - a potion of might
 d - a potion of haste
 g - a potion of flight
 r - a potion of cancellation
 t - 3 potions of degeneration
 z - a potion of attraction
 A - a potion of curing {unknown}
 B - a potion of invisibility {unknown}
 K - a potion of magic {unknown}


   Skills:
 + Level 9.9 Fighting
 - Level 3.0 Armour
 + Level 4.0 Dodging
 - Level 8.0 Shields
 - Level 5.3 Unarmed Combat
 + Level 7.2 Spellcasting


You had 23 spell levels left.
You didn't know any spells.
Your spell library contained the following spells:

 Spells                   Type           Power      Damage    Failure   Level
 Ensorcelled Hibernation  Hex/Ice        8%         N/A       34%         2
 Static Discharge         Conj/Air       8%         2-3/arc   34%         2
 Sublimation of Blood     Necr           4%         N/A       34%         2
 Frozen Ramparts          Ice            8%         1d2       56%         3
 Ignite Poison            Fire/Tmut/Pois 4%         N/A       56%         3
 Spider Form              Tmut/Pois      4%         N/A       56%         3
 Vhi's Electric Charge    Tloc/Air       8%         N/A       56%         3
 Anguish                  Hex/Necr       2%         N/A       92%         4
 Ice Form                 Ice/Tmut       4%         N/A       92%         4
 Petrify                  Tmut/Erth      4%         N/A       92%         4
 Sticky Flame             Conj/Fire      4%         2d3       92%         4
 Summon Ice Beast         Ice/Summ       4%         N/A       92%         4
 Arcjolt                  Conj/Air       2%         1d12      99%         5
 Irradiate                Conj/Tmut      2%         3d12      99%         5
 Plasma Beam              Fire/Air       2%         2x1d13    99%         5
 Ignition                 Fire           2%         3d3       100%        8


Dungeon Overview and Level Annotations

Branches:
Dungeon (9/15)             Temple (1/1) D:5           Sewer (visited)
   Lair: D:8-11         Orc: D:9-12

Altars:
Ashenzari
Cheibriados
Gozag
Hepliaklqana
Kikubaaqudgha
Makhleb
Nemelex Xobeh
Okawaru
Qazlal
Ru
Sif Muna
Uskayaw
Wu Jian
Yredelemnul

Shops:
D:4 [   D:8 !   D:9 (

Annotations:
D:2 1 runed translucent door, Crazy Yiuf
D:7 2 transporters, anet's ghost, novice GnWn
D:8 Maurice
D:9 Erica


Innate Abilities, Weirdness & Mutations

You are partially covered in large bone plates. (SH +4)
A weak demonic guardian rushes to your aid.
You regenerate health from kills.
You punish those that try to bend your will. (Will+)
Your touch may irresistibly damage your foes and sap their willpower.
Potions are less effective at restoring your health.


Message History

Unknown command.
Okay, then.
Unknown command.
It was a potion of attraction.
You feel attractive to monsters.
You feel less confused. Something hits you.
Unknown command.
Unknown command.
You hit something.
Your white imp disappears in a puff of smoke!
You hear some strange, mumbled words.
Something tries to affect you, but you resist.
Your will lashes out at something.
Something hits you.
* * * LOW HITPOINT WARNING * * *
Something burns you.
* * * LOW HITPOINT WARNING * * *
You puncture something! You block something's attack.
Unknown command.
You closely miss something.
You hear some strange, mumbled words.
You feel yourself slow down.
Unknown command.
You miss something. Something hits you.
* * * LOW HITPOINT WARNING * * *
Something burns you.
* * * LOW HITPOINT WARNING * * *
Something hits you!
* * * LOW HITPOINT WARNING * * *
Unknown command.
It was a potion of mutation.
You feel extremely strange.
Your connection to magic feels subdued.
Your system partially rejects the healing effects of potions.
Your magic regains its normal vibrancy.
Your ice devil disappears in a puff of smoke!
Something hits you!
* * * LOW HITPOINT WARNING * * *
Something burns you.
* * * LOW HITPOINT WARNING * * *
Something hits you!
You die...

#.###..)..#####.....
#............########
#.##.......#.###
#.##.....#.# #..
###.##.##†##.#.#.#
.......##.##)#.#.#### #
.##.......†.).......#.#
.########.######{##.#.#
....# #.# #@§....#
.##.# ###.### ##.#.#.#
....# #.....# #...# #
###.# #.....# #..##.#
###.# #.....# #.....#
....# #.....# ##.####
##..# #.....# ###.###
#.## ####### #.....#
#.# #...).#


There were no monsters in sight!

Vanquished Creatures
  A two-headed ogre (D:6)
  Pikel (D:7)
  Joseph (D:7)
  Psyche (D:9)
  Maggie (D:8)
  A troll (D:9)
  A hornet (D:9)
  3 yaks (D:8)
  2 vampire mosquitoes (D:9)
  A steam dragon (D:7)
  Edmund (D:6)
  A water moccasin (D:7)
  2 ice beasts (D:7)
  3 sky beasts
  2 black bears
  2 centaurs (D:6)
  A phantom (D:5)
  A lemure (D:7)
  4 kobold brigands
  3 bullfrogs
  Blork the orc (D:6)
  A gnoll sergeant (D:8)
  5 scorpions
  5 wights (D:7)
  5 howler monkeys
  A crimson imp (D:7)
  A jelly (D:6)
  5 hounds
  2 sleepcaps
  3 iguanas
  Natasha (thrice) (D:2)
  4 orc wizards
  Robin (D:2)
  9 adders
  8 gnolls
  5 river rats
  2 shadow imps
  2 dart slugs (D:4)
  11 orcs
  2 bats
  6 endoplasms
  5 giant cockroaches
  3 hobgoblins
  6 jackals
  19 kobolds
  7 quokkas
  18 ball pythons
  5 frilled lizards
  22 goblins
  8 rats
208 creatures vanquished.

Vanquished Creatures (collateral kills)
  A wraith (D:9)
  A vampire mosquito (D:9)
  A bullfrog (D:6)
  A hound (D:4)
  An orc wizard (D:8)
  An adder (D:5)
  An endoplasm (D:3)
  A kobold (D:4)
8 creatures vanquished.

Vanquished Creatures (others)
  12 plants
12 creatures vanquished.

Grand Total: 228 creatures vanquished

Notes
Turn   | Place    | Note
-------+----------+-------------------------------------------
     0 | D:1      | 112233 the Demonspawn Fighter began the quest for the Orb.
     0 | D:1      | Reached XP level 1. HP: 18/18 MP: 1/1
   363 | D:1      | Gained mutation: You regenerate a little health from kills.
                  | [demonic ancestry]
   363 | D:1      | Reached XP level 2. HP: 24/24 MP: 2/2
   759 | D:1      | Gained mutation: A weak demonic guardian rushes to your
                  | aid. [demonic ancestry]
   759 | D:1      | Reached XP level 3. HP: 29/29 MP: 3/3
  1216 | D:2      | Noticed Robin
  1229 | D:2      | Gained mutation: You are partially covered in large bone
                  | plates. (SH +4) [demonic ancestry]
  1229 | D:2      | Reached XP level 4. HP: 36/36 MP: 4/4
  1232 | D:2      | Killed Robin
  1251 | D:2      | Noticed Natasha
  1258 | D:2      | Killed Natasha
  1318 | D:2      | Found a runed translucent door.
  1319 | D:2      | Noticed Crazy Yiuf
  1346 | D:2      | Noticed Natasha
  1356 | D:2      | Killed Natasha
  1374 | D:2      | Noticed Natasha
  1380 | D:2      | Killed Natasha
  1381 | D:2      | Reached skill level 4 in Fighting
  1381 | D:2      | Gained mutation: Your touch may inflict minor irresistible
                  | damage on your foes. [demonic ancestry]
  1381 | D:2      | Reached XP level 5. HP: 40/42 MP: 5/5
  2551 | D:4      | Found a hide-covered altar of Uskayaw.
  3161 | D:4      | Gained mutation: Your touch may inflict irresistible damage
                  | on your foes. [demonic ancestry]
  3161 | D:4      | Reached XP level 6. HP: 49/49 MP: 6/6
  3407 | D:4      | Found Diaheiry's Armour Shop.
  3648 | D:4      | Bought a +0 troll leather armour for 195 gold pieces
  3786 | D:5      | Entered Level 5 of the Dungeon
  3843 | D:5      | Found a glowing drain.
  3860 | Sewer    | Entered a sewer
  3882 | Sewer    | Reached skill level 5 in Fighting
  4129 | Sewer    | Gained mutation: You regenerate health from kills. [demonic
                  | ancestry]
  4129 | Sewer    | Reached XP level 7. HP: 53/56 MP: 7/7
  4752 | D:5      | Reached skill level 5 in Shields
  4798 | D:5      | Found a staircase to the Ecumenical Temple.
  4884 | Temple   | Entered the Ecumenical Temple
  5408 | Temple   | Became a worshipper of Sif Muna the Loreminder
  6116 | D:6      | Noticed a two-headed ogre
  6220 | D:6      | Found the +8 trident of the Octopus King {venom, rElec
                  | rPois}
  6237 | D:6      | Reached skill level 1 in Spellcasting
  6253 | D:6      | Reached skill level 6 in Fighting
  6253 | D:6      | Reached skill level 5 in Unarmed Combat
  6253 | D:6      | Reached XP level 8. HP: 46/64 MP: 9/9
  6373 | D:6      | Noticed Edmund
  6402 | D:6      | Killed Edmund
  6472 | D:6      | Reached * piety under Sif Muna
  6491 | D:6      | Noticed Blork the orc
  6501 | D:6      | Killed Blork the orc
  6570 | D:6      | Found a snail-covered altar of Cheibriados.
  6647 | D:6      | Killed a two-headed ogre
  6648 | D:6      | Reached skill level 7 in Fighting
  6648 | D:6      | Gained mutation: Your touch may irresistibly damage your
                  | foes and sap their willpower. [demonic ancestry]
  6648 | D:6      | Reached XP level 9. HP: 45/72 MP: 12/15
  6805 | D:7      | Found a transporter.
  6808 | D:7      | Found a transporter.
  6819 | D:7      | Noticed Joseph
  6845 | D:7      | Killed Joseph
  6846 | D:7      | Reached skill level 8 in Fighting
  6846 | D:7      | Noticed anet's ghost (novice GnWn)
  6902 | D:7      | Reached skill level 5 in Spellcasting
  6962 | D:7      | Found a burning altar of Makhleb.
  7030 | D:7      | Noticed Pikel
  7040 | D:7      | Killed Pikel
  7041 | D:7      | Gained mutation: You punish those that try to bend your
                  | will. (Will+) [demonic ancestry]
  7041 | D:7      | Reached XP level 10. HP: 78/82 MP: 18/18
  7071 | D:7      | Reached ** piety under Sif Muna
  7296 | D:7      | Reached skill level 1 in Dodging
  7410 | D:8      | Reached skill level 9 in Fighting
  7475 | D:8      | Noticed Maggie
  7486 | D:8      | Killed Maggie
  7535 | D:8      | Found Savarooq's Distillery.
  7591 | D:8      | Bought a potion of heal wounds for 75 gold pieces
  7682 | D:8      | Noticed Maurice
  7926 | D:9      | Noticed Psyche
  7934 | D:9      | Killed Psyche
  8043 | D:9      | HP: 2/80 [troll (16)]
  8180 | D:9      | Found Miudofog's Weapon Shoppe.
  8283 | D:9      | Reached *** piety under Sif Muna
  8368 | D:9      | Identified the ring "Nijuoll" {rN+ AC+4}
  8368 | D:9      | Noticed Erica
  8389 | D:9      | Gained mutation: Your spells are a little easier to cast,
                  | but a little less powerful. [potion of mutation]
  8389 | D:9      | Gained mutation: Potions are less effective at restoring
                  | your health. [potion of mutation]
  8389 | D:9      | Lost mutation: Your spells are a little easier to cast, but
                  | a little less powerful. [potion of mutation]
  8389 | D:9      | Slain by Erica

Illustrated notes

Levels and vault maps discovered:
D:1:      spicycebolla_arrival_ecumenical, layout_loops_corners
D:2:      layout_basic, uniq_crazy_yiuf_cottage, uniq_robin, uniq_natasha
D:3:      layout_loops_ring, hangedman_decor_slide_cut, kennysheep_minor_cross
D:4:      layout_loops_corners, mainiacjoe_overflow_tiny_flanked, serial_shops,
          nicolae_inconvenience_store, st_stairs_13, grunt_ministairs_4
D:5:      layout_basic, minmay_temple_entry_sparse_star, serial_curves,
          eino_curves_01, eino_curves_01, portal_sewer_entry_a
D:6:      layout_rooms, nicolae_overflow_hidden_temple, uniq_edmund,
          uniq_blork_the_orc
D:7:      layout_rooms, makhleb_grotto_becter, gammafunk_ghost_hive, uniq_pikel,
          uniq_joseph
D:8:      layout_loops_ring, grunt_temple_overflow_open, serial_shops, shop,
          eino_curves_01, serial_bayou_crossing, uniq_maurice, uniq_maggie
D:9:      layout_loops_cross, fiery_altar_vehumet, serial_shops,
          nicolae_shop_bloodbath_and_beyond, uniq_psyche, uniq_erica
Temple:   minmay_temple_curvy_branch

Skill      XL: |  1  2  3  4  5  6  7  8  9 10 |
---------------+-------------------------------+-----
Unarmed Combat | 2 3 4 5 |  5.3
Shields        | 3 4 5 6 8 |  8.0
Armour         | 3 |  3.0
Fighting       | 4 5 6 7 8 9 |  9.9
Spellcasting   | 1 4 5 7 |  7.2
Dodging        | 4 |  4.0

Action                     |  1- 3 |  4- 6 |  7- 9 | 10-12 || total
---------------------------+-------+-------+-------+-------++-------
  Melee: Unarmed           |    50 |       |       |       ||    50
         Dagger            |    82 |   228 |   159 |       ||   469
         Trident           |       |       |   147 |   190 ||   337
  Evoke: Wand              |       |       |       |     3 ||     3
    Use: Potion            |     1 |       |     5 |     6 ||    12
         Scroll            |       |       |     6 |     4 ||    10
   Stab: Distracted        |       |       |     1 |       ||     1
         Paralysed         |       |       |       |     5 ||     5
 Armour: Scale mail        |    59 |    36 |       |       ||    95
         Troll leather arm |       |    26 |    68 |    35 ||   129
  Dodge: Dodged            |    35 |    75 |   106 |   109 ||   325
  Block: Buckler           |    31 |    97 |   128 |   107 ||   363

Table legend: (Time is in decaauts)
 A = Elapsed time spent in this place.
 B = Non-inter-level travel time spent in this place.
 C = Inter-level travel time spent in this place.
 D = Time resting spent in this place.
 E = Time spent auto-exploring this place.
 F = Levels seen in this place.
 G = Mean time per level.
                   A        B        C        D        E       F      G
               +--------+--------+--------+--------+--------+-----+--------+
         Total |   8664 |   7872 |    792 |    639 |   5444 |  11 |  787.6 |
       Dungeon |   7355 |   6857 |    498 |    639 |   4742 |   9 |  817.2 |
        Temple |    546 |    253 |    293 |      0 |    245 |   1 |  546.0 |
         Sewer |    762 |    762 |      0 |      0 |    457 |   1 |  762.0 |
               +--------+--------+--------+--------+--------+-----+--------+

Top non-repeatable levels by time:
     D:4: 1272 daAuts
     D:5: 1240 daAuts
     D:1: 965 daAuts
     D:2: 823 daAuts
   Sewer: 762 daAuts
     D:3: 750 daAuts
     D:6: 673 daAuts
     D:7: 578 daAuts
     D:8: 549 daAuts
  Temple: 546 daAuts
     D:9: 502 daAuts
